AoeStats
← Low_Fuchs

Runestones

507915394Analyzed
1v1 RM · 12d ago on Sep 20, 2026· 37m 31s· 2 players
Game mode
Random Map
Map size
Tiny (2 player)
Population
200
Speed
Normal
Resources
Standard
Victory
Conquest
Starting age
Dark Age
Ending age
Imperial Age
RankedLock teamsTeams togetherTeam positionsShared explorationLock speedFull tech treeHidden civsTurbo modeCheats
Victory
Defeat
🇩🇪 Inca · Germany
1585
+17
🇲🇽 Japanese · Mexico
1605
-17
Low_Fuchs
6:47 Loom
9:19 Feudal Age
10:28 Double-Bit Axe
19:38 Castle Age
18:54 Fletching
21:26 Bodkin Arrow
26:06 Elite Skirmisher
30:09 Horse Collar
32:07 Wheelbarrow
32:13 Redemption
Tkilla | Kat_O
6:41 Loom
8:52 Feudal Age
9:17 Man-at-Arms
12:43 Arson
15:19 Fletching
20:33 Castle Age
21:17 Bodkin Arrow
21:30 Double-Bit Axe
21:25 Horse Collar
22:48 Bloodlines
24:07 Ballistics
24:04 Bow Saw
26:31 Thumb Ring
28:21 Padded Archer Armor
30:08 Wheelbarrow
30:03 Gold Mining
37:11 Imperial Age
36:21 Scale Mail Armor
36:22 Squires
Connection lost

Rejoining the realm…

Still unreachable

The connection could not be restored.

Session expired

The server has moved on; the page needs a fresh start.